 Dungeon Crawl Stone Soup version 0.29.1-15-g9cfb28693d (webtiles) character file.

Game seed: 16387248237360545067

91 Alturiack the Shooter (level 4, 0/35 HPs)
             Began as a Barachi Hunter on Apr 10, 2023.
             Succumbed to an adder's poison
             ... on level 2 of the Dungeon.
             The game lasted 00:05:45 (2342 turns).

Alturiack the Shooter (Barachi Hunter)              Turns: 2342, Time: 00:05:45

Health: 0/35       AC:  3    Str: 12    XL:     4   Next: 57%
Magic:  4/4        EV: 12    Int: 10    God:
Gold:   138        SH:  0    Dex: 17    Spells: 3/3 levels left

rFire   . . .      SeeInvis .   a - +0 shortbow
rCold   . . .      Faith    .   (shield currently unavailable)
rNeg    . . .      Spirit   .   c - +0 leather armour
rPois   .          Reflect  .   (no helmet)
rElec   .          Harm     .   (no cloak)
rCorr   .          Rampage  .   (no gloves)
Will    .....                   (no boots)
Stlth   ++........              (no amulet)
HPRegen 0.11/turn               (no ring)
MPRegen 0.09/turn               (no ring)

@: lethally poisoned (0 -> -1), slow
A: amphibious, slowness 1, strong legs 1, +LOS
a: Hop


You were on level 2 of the Dungeon.
You visited 1 branch of the dungeon, and saw 2 of its levels.

You collected 138 gold pieces.

Inventory:

Hand Weapons
 a - a +0 shortbow (weapon)
 l - a +0 long sword
Armour
 c - a +0 leather armour (worn)
Jewellery
 h - a ring of wizardry
Scrolls
 b - a scroll of immolation
 d - 2 scrolls of identify {unknown}
 e - a scroll of blinking {unknown}
 k - a scroll of magic mapping {unknown}
Potions
 f - a potion of haste {unknown}
 g - a potion of brilliance {unknown}
 i - 2 potions of berserk rage {unknown}
 j - 3 potions of heal wounds {unknown}


   Skills:
 * Level 3.1 Fighting
 * Level 5.3 Ranged Weapons
 * Level 1.7 Armour
 - Level 2.1 Dodging
 - Level 0.8 Stealth


You had 3 spell levels left.
You didn't know any spells.
Your spell library contained the following spells:

 Spells                   Type           Power      Damage    Failure   Level
 Shock                    Conj/Air       0%         1d3       43%         1
 Summon Small Mammal      Summ           0%         N/A       43%         1
 Blink                    Tloc           0%         N/A       58%         2
 Call Canine Familiar     Summ           0%         N/A       82%         3
 Lesser Beckoning         Tloc           0%         N/A       82%         3
 Summon Guardian Golem    Hex/Summ       0%         N/A       82%         3
 Swiftness                Air            0%         N/A       82%         3
 Airstrike                Air            0%         2d(0-16)  99%         4
 Manifold Assault         Tloc           0%         N/A       100%        5


Dungeon Overview and Level Annotations

Branches:
Dungeon (2/15)

Altars:

Shops:
D:1 *   D:2 *


Innate Abilities, Weirdness & Mutations

You are amphibious.
You cover ground slowly.
You can hop short distances.
You have an extended range of vision and can be seen from far away.


Message History

You shoot an arrow. The arrow hits the adder.
The adder is almost dead.
You feel sick. The adder bites you but does no damage.
The adder closely misses you.
Fire: a) +0 shortbow
Press: ? - help, Q - select action, (/) - cycle Shift-Dir - straight line, f/p - adder
Aim: an adder (almost dead, 46% to hit)
You shoot an arrow. The arrow barely misses the adder.
You feel sick. The adder bites you.
You are more poisoned.
The adder poisons you! The adder bites you.
You are lethally poisoned!
The adder poisons you!
Fire: a) +0 shortbow
Press: ? - help, Q - select action, (/) - cycle Shift-Dir - straight line, f/p - adder
Aim: an adder (almost dead, 46% to hit)
You shoot an arrow. The arrow hits the adder.
You kill the adder!
* * * LOW HITPOINT WARNING * * *
You feel very sick.
There is a lethal amount of poison in your body!
There is a lethal amount of poison in your body!
Unknown command.
* * * LOW HITPOINT WARNING * * *
You feel very sick.
There is an entrance to Nas Ecof's Assorted Antiques here.
* * * LOW HITPOINT WARNING * * *
You feel sick.
There is an open door here.
* * * LOW HITPOINT WARNING * * *
You feel sick.
* * * LOW HITPOINT WARNING * * *
You feel sick.
* * * LOW HITPOINT WARNING * * *
You feel sick.
Things that are here:
a +0 ring mail; 12 gold pieces; a hobgoblin corpse
* * * LOW HITPOINT WARNING * * *
You feel sick.
You die...

#.####.#.# #.#.####.##.#####.###
#......#.####.#. #.##.# #....
###...........#. #.##.# #####
#.#†.#.######'####.##.#
#.#..#.##..........##.#
###.#..#.##..........##.#
....#(.#.##..........#..#########
....#..#..'..........#'#.........
.......####.....@.[..'∩'.########
.......+ +.........'#†###
#..<...# #.........#'.# #...>..#
#............... #......#
#................ #...####
#########......... #...#
###'###### ##### #.# #.#


There were no monsters in sight!

Vanquished Creatures
  5 adders (D:2)
  A dart slug (D:1)
  6 ball pythons
  2 endoplasms (D:2)
  A giant cockroach (D:1)
  6 goblins
  3 hobgoblins
  2 quokkas
  5 bats
  2 frilled lizards
  3 kobolds (D:1)
  8 rats
44 creatures vanquished.

Notes
Turn   | Place    | Note
-------+----------+-------------------------------------------
     0 | D:1      | Alturiack the Barachi Hunter began the quest for the Orb.
     0 | D:1      | Reached XP level 1. HP: 17/17 MP: 1/1
   135 | D:1      | Found Berhusiz's Assorted Antiques.
   244 | D:1      | Found a faded altar of an unknown god.
   258 | D:1      | Reached XP level 2. HP: 19/23 MP: 2/2
   604 | D:1      | Reached XP level 3. HP: 28/28 MP: 3/3
  1458 | D:2      | Reached skill level 1 in Armour
  1644 | D:2      | Reached skill level 5 in Ranged Weapons
  1762 | D:2      | Reached XP level 4. HP: 31/34 MP: 4/4
  2317 | D:2      | Found Nas Ecof's Assorted Antiques.
  2341 | D:2      | HP: 1/35 [poisoned by an adder]
  2342 | D:2      | Succumbed to an adder's poison

Illustrated notes

Levels and vault maps discovered:
D:1:      dpeg_arrival_radiant, layout_basic,
          ebering_ecumenical_altar_abandoned, serial_shops, shop, minivault_5
D:2:      layout_basic, serial_shops, nicolae_shop_behind_doors

Skill      XL: |  1  2  3  4 |
---------------+-------------+-----
Armour         | 1 |  1.7
Ranged Weapons | 5 |  5.3
Fighting       | 3 |  3.1
Dodging        | |  2.1
Stealth        | |  0.8

Action                   |  1- 3 |  4- 6 || total
-------------------------+-------+-------++-------
 Fire: Shortbow          |    92 |    29 ||   121
Armor: Leather armour    |     9 |     6 ||    15
Dodge: Dodged            |    38 |     6 ||    44
